 Dungeon Crawl Stone Soup version 0.26-a0-660-gc07710193c (webtiles) character file.

Game seed: 15517393053821002554

255785 lunkers the Sharpshooter (level 20, -6/137 HPs)
             Began as a Kobold Delver on Oct 5, 2020.
             Was the Champion of Trog.
             Killed from afar by a spellforged servitor (27 damage)
             ... with a lance of force
             ... summoned by Frederick
             ... on level 4 of the Vaults.
             The game lasted 01:48:29 (46447 turns).

lunkers the Sharpshooter (Kobold Delver)           Turns: 46447, Time: 01:48:29

Health: -6/137     AC: 23    Str: 14    XL:     20   Next: 59%
Magic:  0/20       EV: 33    Int: 17    God:    Trog [******]
Gold:   2762       SH:  0    Dex: 21    Spells: 19/19 levels left

rFire    . . .     SeeInvis +   b - +9 heavy crossbow "Sniper" {vorpal, Acc+∞ SInv}
rCold    . . .     Faith    .   (shield currently unavailable)
rNeg     . . .     Spirit   +   V - +6 scale mail of the Farmer {MR+ Slay+3}
rPois    .         Reflect  .   Q - +0 helmet of Insecurity {rElec Str+4}
rElec    +         Harm     .   l - +0 cloak
rCorr    .         Rampage  .   T - +1 pair of gloves of the Monkey {rElec Stlth+}
MR       ++...                  y - +3 pair of boots "Xekhuwk" {Regen+ Int+5 Dex-3}
Stlth    ++++++....             K - amulet of guardian spirit
HPRegen  0.72/turn              q - +4 ring of evasion
MPRegen  0.17/turn              N - +4 ring of evasion

@: studying Armour
A: small, nightstalker 3
}: 2/15 runes: barnacled, gossamer
a: Berserk, Trog's Hand, Brothers in Arms, Renounce Religion


You were on level 4 of the Vaults.
You worshipped Trog.
Trog was exalted by your worship.
You visited 6 branches of the dungeon, and saw 33 of its levels.
You also visited: Bailey, Gauntlet and Ice Cave.

You collected 3179 gold pieces.
You spent 417 gold pieces at shops.

Inventory:

Hand Weapons
 a - a +5 quick blade of flaming
 b - the +9 heavy crossbow "Sniper" (weapon) {vorpal, Acc+∞ SInv}
   (You found it on level 3 of the Spider Nest)

   Any bolt fired from it inflicts extra damage.
   It lets you see invisible.
Missiles
 t - 9 throwing nets {=f}
 A - 73 poisoned darts
 M - 3 curare-tipped darts {=f}
 W - 511 bolts (quivered)
Armour
 l - a +0 cloak (worn)
 y - the +3 pair of boots "Xekhuwk" (worn) {Regen+ Int+5 Dex-3}
   (You found it in a Gauntlet)

   It affects your intelligence (+5).
   It affects your dexterity (-3).
   It increases your rate of regeneration.
 O - the +1 helmet "Qoaren" {rElec rN++ Stlth-}
   (You found it on level 3 of the Vaults)

   It insulates you from electricity.
   It greatly protects you from negative energy.
   It makes you less stealthy.
 Q - the +0 helmet of Insecurity (worn) {rElec Str+4}
   (You found it in a Gauntlet)

   It affects your strength (+4).
   It insulates you from electricity.
 T - the +1 pair of gloves of the Monkey (worn) {rElec Stlth+}
   (You found it on level 13 of the Dungeon)

   It insulates you from electricity.
   It makes you more stealthy.
 V - the +6 scale mail of the Farmer (worn) {MR+ Slay+3}
   (You found it on level 2 of the Vaults)

   It affects your accuracy and damage with ranged weapons and melee attacks
   (+3).
   It affects your resistance to hostile enchantments.
Jewellery
 q - a +4 ring of evasion (left hand)
 B - an uncursed ring of protection from magic
 C - an uncursed ring of protection from cold
 K - an amulet of guardian spirit (around neck)
 N - a +4 ring of evasion (right hand)
Wands
 g - a wand of digging (9)
 s - a wand of iceblast (11)
 w - a wand of flame (96)
 E - a wand of enslavement (7)
 F - a wand of acid (44)
 X - a wand of polymorph (35)
Scrolls
 c - 7 scrolls of fog
 d - 6 scrolls of magic mapping
 i - 2 scrolls of identify
 j - 2 scrolls of enchant armour
 m - 8 scrolls of fear
 p - 7 scrolls of teleportation
 r - a scroll of summoning
 u - 5 scrolls of enchant weapon
 x - 8 scrolls of remove curse
 U - 2 scrolls of blinking
Potions
 e - 5 potions of magic
 f - 10 potions of haste
 k - 4 potions of resistance
 n - 9 potions of flight
 o - 8 potions of might
 v - 8 potions of heal wounds
 z - 11 potions of curing
 D - 2 potions of stabbing
 H - a potion of berserk rage
 I - 3 potions of invisibility
 J - 2 potions of cancellation
 L - 15 potions of ambrosia
 P - 5 potions of mutation
Books
 h - a manual of Armour
Miscellaneous
 G - a condenser vane (2/2)
 R - a lightning rod (4/4)
 S - a phial of floods
 Y - a phantom mirror
 Z - a tin of tremorstones (2/3)


   Skills:
 - Level 18.5 Fighting
 - Level 14.0 Short Blades
 * Level 20.5 Crossbows
 + Level 7.3 Armour
 - Level 16.8 Dodging
 - Level 12.0 Stealth
   Level 5.6 Shields
 - Level 12.6 Evocations


You had 19 spell levels left.
You didn't know any spells.
Your spell library was empty.

Dungeon Overview and Level Annotations

Branches:
Dungeon (13/15)            Temple (0/1) D:6            Lair (6/6) D:10
 Shoals (4/4) Lair:4       Spider (4/4) Lair:2        Slime (0/5) Lair:6
    Orc (2/2) D:11            Elf (0/3) Orc:2        Vaults (4/5) D:13
  Crypt (0/3) Vaults:2     Bailey (visited)           IceCv (visited)
Gauntlet (visited)

Altars:
Cheibriados
Dithmenos
Elyvilon
Fedhas
Hepliaklqana
Kikubaaqudgha
Makhleb
Okawaru
Trog
Uskayaw
Vehumet
Wu Jian
Xom
Yredelemnul
The Shining One
Beogh
Jiyva

Shops:
Orc:1 (   Orc:2 [((}   Shoals:2 ?   Vaults:2 :   Vaults:3 (

Annotations:
D:6 2 transporters, droidtality's ghost, novice DDFi
D:9 3 runed translucent doors
D:10 exclusion: ice statue
D:12 1 runed translucent door
Lair:3 3 runed translucent doors, exclusion: oklob plant, droidtality's ghost, journeyman GrFi
Shoals:1 2 transporters, marklar909's ghost, adept KoEn
Shoals:2 2 transporters
Vaults:4 Frederick


Innate Abilities, Weirdness & Mutations

You are small and have problems with some larger weapons.
You are completely attuned to the shadows.


Message History

The iron shot hits you!!!
* * * LOW HITPOINT WARNING * * *
The yaktaur hits you but does no damage.
The yaktaur misses you.
Frederick gestures at you while chanting.
The iron shot hits you!!!
* * * LOW MAGIC WARNING * * *
* * * LOW HITPOINT WARNING * * *
Frederick mumbles some strange words.
Frederick summons a servant imbued with his destructive magic!
Firing (i - inventory. (/) - cycle)
W - 511 bolts (quivered)
Press: ? - help, Shift-Dir - straight line, f/p - Frederick
Aim: Frederick, wielding a +3 great sword and wearing a +0 chain mail (almost dead)
Okay, then.
The yaktaur wields a +0 arbalest.
The yaktaur shoots a bolt.
The bolt misses you.
The spellforged servitor points at you and mumbles some strange words.
The lance of force hits you!!
* * * LOW MAGIC WARNING * * *
You die...

###### #.....
########(....
#....cc()(...
#.....8#..(.<
#....@.#.....
#....^.#...(.
#....(.#####
#...)).#
#######''#####
..............
..............
..............
..............


You could see a spellforged servitor (summoned) and 2 yaktaurs.

Vanquished Creatures
  Arachne (Spider:3)
  Polyphemus (Shoals:3)
  A kraken (Shoals:2)
  Kirke (Shoals:2)
  A tengu reaver (Vaults:3)
  A deep elf sorcerer (Vaults:1)
  4 ghost moths
  3 vault wardens
  A frost giant (IceCv)
  2 orc warlords
  The ghost of Bolleh the Thaumaturge, a journeyman GnSk of Makhleb (Spider:1)
  4 emperor scorpions
  7 ironheart preservers
  4 entropy weavers
  A deep elf demonologist (Vaults:1)
  A stone giant (Vaults:3)
  A deep elf annihilator (Vaults:1)
  A spark wasp (Spider:4)
  A minotaur (Gauntlet)
  2 merfolk javelineers
  Snorg (Lair:4)
  2 ettins
  3 merfolk impalers (Shoals:4)
  A crystal guardian (Vaults:3)
  2 yaktaur captains (Vaults:3)
  A vault guard (Vaults:1)
  A fire dragon (Lair:6)
  Harold (Lair:2)
  The ghost of Pamiuf the Slicer, a journeyman KoSu of Ru (Lair:2)
  7 hydras
  4 boulder beetles
  2 rakshasas
  3 merfolk avatars (Shoals:4)
  2 ice dragons
  3 alligator snapping turtles
  9 ogre magi
  Erica (Lair:1)
  6 centaur warriors
  2 catoblepae
  4 merfolk aquamancers
  2 tengu warriors (D:13)
  2 satyrs (Shoals:4)
  19 two-headed ogres
  A death knight (Vaults:2)
  8 death yaks
  2 death scarabs (Gauntlet)
  A queen ant (Spider:2)
  An orc high priest (Orc:2)
  A storm dragon zombie (Vaults:2)
  2 deep elf knights
  A spectral death yak (Gauntlet)
  A skeletal warrior (Vaults:2)
  An unseen horror (D:12)
  A glowing orange brain (Vaults:3)
  A flayed ghost (Vaults:2)
  A shadow wraith (Vaults:3)
  An unseen horror (shapeshifter) (Vaults:2)
  3 wizards
  2 deep elf archers
  9 sea snakes
  A phantasmal warrior (Vaults:2)
  3 orc knights
  4 ironbrand convokers
  5 deep elf magi
  A lindwurm (Lair:6)
  13 harpies
  17 ugly things
  A necromancer (Vaults:2)
  4 oklob plants (Lair:2)
  28 wolf spiders
  4 orc sorcerers
  11 manticores
  8 fauns
  3 cyclopes
  14 orb spiders
  6 black mambas
  A moth of wrath (Spider:4)
  An ice statue (IceCv)
  10 merfolk sirens
  Maurice (Orc:1)
  8 water nymphs
  6 elephants
  A torpor snail (Spider:3)
  5 molten gargoyles
  9 vault sentinels
  13 cane toads
  4 rime drakes
  6 freezing wraiths
  An efreet (D:11)
  8 komodo dragons
  15 yaktaurs
  A komodo dragon (shapeshifter) (Vaults:1)
  11 demonic crawlers
  A kobold demonologist (D:11)
  3 trolls
  A wind drake (shapeshifter) (Vaults:1)
  A human skeleton (Vaults:2)
  18 jumping spiders
  16 polar bears
  A queen bee (D:10)
  11 hornets
  4 wind drakes
  A hornet (shapeshifter) (D:13)
  13 merfolk
  A wolf spider simulacrum (Vaults:1)
  13 slime creatures
  3 dream sheep (Shoals:1)
  8 blink frogs
  2 human simulacra (Vaults:3)
  5 snapping turtles
  32 tarantellas
  51 redbacks
  3 wraiths
  48 yaks
  9 water elementals
  2 vampires (D:13)
  8 basilisks
  A spectral black mamba (Gauntlet)
  A shadow (D:11)
  A hog (Shoals:2)
  A yak (shapeshifter) (Vaults:3)
  8 wyverns
  A steam dragon (Lair:6)
  6 vampire mosquitoes (D:13)
  15 soldier ants (Spider:2)
  A swamp worm (shapeshifter) (Gauntlet)
  8 wargs
  3 hell hounds (Lair:6)
  An acid dragon (D:12)
  13 water moccasins
  A soldier ant (shapeshifter) (Vaults:2)
  34 orc warriors
  A swamp drake (Lair:3)
  7 ice beasts
  3 sky beasts
  2 necrophages
  An orc zombie (Vaults:2)
  An ice beast (shapeshifter) (Vaults:3)
  27 ogres
  4 black bears
  2 phantoms
  22 wolves
  4 boggarts (Vaults:1)
  12 centaurs
  A centaur (shapeshifter) (Vaults:3)
  26 bullfrogs
  2 gnoll sergeants
  A big kobold (D:10)
  A deep troll simulacrum (Vaults:1)
  3 scorpions
  23 wights
  62 killer bees
  A howler monkey (D:12)
  6 electric eels
  2 jellies
  4 centaur zombies
  4 lava snakes (Lair:6)
  A bullfrog zombie (D:8)
  5 hounds
  A gnoll shaman (D:5)
  9 centaur skeletons
  31 orc priests
  38 orc wizards
  2 bullfrog skeletons
  2 iguanas (D:10)
  33 worker ants
  A hell rat (Lair:2)
  A bullfrog simulacrum (D:10)
  A hound zombie (D:7)
  2 hound skeletons
  2 worker ant zombies
  16 adders
  19 gnolls
  A river rat (Lair:2)
  A shadow imp (D:5)
  4 white imps (D:10)
  A worker ant simulacrum (D:10)
  An adder zombie (D:5)
  An ooze (D:5)
  2 adder skeletons
  5 worms (D:2)
  A dart slug (D:3)
  An adder simulacrum (D:10)
  4 leopard geckos
  125 orcs
  6 bats
  5 giant cockroaches
  8 goblins
  8 hobgoblins
  11 jackals
  2 quokkas
  5 frilled lizards
  A jackal skeleton (D:4)
  12 kobolds
  A leopard gecko skeleton (D:6)
  A quokka skeleton (D:4)
  A rat (D:3)
  2 tentacles (Shoals:2)
1325 creatures vanquished.

Vanquished Creatures (others)
  A wizard (Vaults:3)
  A jumping spider (Spider:3)
  2 orcs (Orc:2)
  A bush (Lair:2)
  26 fungi
  79 plants
  11 tentacles (Shoals:2)
121 creatures vanquished.

Grand Total: 1446 creatures vanquished

Notes
Turn   | Place    | Note
-------+----------+-------------------------------------------
     0 | D:5      | lunkers the Kobold Delver began the quest for the Orb.
     0 | D:5      | Reached XP level 1. HP: 14/14 MP: 1/1
    28 | D:5      | Noticed a hound
   197 | D:5      | Found a shimmering altar of Xom.
   198 | D:5      | Found a hazy altar of Hepliaklqana.
   201 | D:5      | Noticed a spectral ugly thing
   357 | D:5      | Reached XP level 2. HP: 19/19 MP: 2/2
   402 | D:4      | Reached XP level 3. HP: 5/23 MP: 3/3
   700 | D:3      | Found a bloodstained altar of Trog.
   718 | D:3      | Became a worshipper of Trog the Wrathful
  1199 | D:2      | Reached XP level 4. HP: 6/28 MP: 4/4
  2427 | D:1      | Reached XP level 5. HP: 32/32 MP: 5/5
  2880 | D:2      | Reached skill level 5 in Short Blades
  3313 | D:3      | Reached * piety under Trog
  3605 | D:3      | Found a blossoming altar of Fedhas.
  3610 | D:3      | Found a shadowy altar of Dithmenos.
  3615 | D:3      | Found an ancient bone altar of Kikubaaqudgha.
  3793 | D:4      | Reached XP level 6. HP: 18/37 MP: 6/6
  4198 | D:4      | Noticed an ogre
  4200 | D:4      | Reached ** piety under Trog
  4219 | D:4      | Killed an ogre
  4219 | D:4      | Reached skill level 10 in Stealth
  4219 | D:4      | Reached XP level 7. HP: 26/41 MP: 7/7
  4928 | D:4      | Found a radiant altar of Vehumet.
  5346 | D:5      | Reached XP level 8. HP: 48/48 MP: 8/8
  5359 | D:5      | Reached skill level 5 in Fighting
  5732 | D:5      | Reached *** piety under Trog
  6665 | D:5      | Found a glowing golden altar of the Shining One.
  6715 | D:6      | Reached XP level 9. HP: 59/59 MP: 9/9
  6716 | D:6      | Found an iron altar of Okawaru.
  6972 | D:6      | Found a burning altar of Makhleb.
  7050 | D:6      | Found a staircase to the Ecumenical Temple.
  7478 | D:6      | Reached skill level 10 in Fighting
  7559 | D:6      | Found a transporter.
  7559 | D:6      | Noticed droidtality's ghost (novice DDFi)
  7595 | D:6      | Found a transporter.
  7680 | D:7      | Found an ornate altar of the Wu Jian Council.
  9125 | D:8      | Reached **** piety under Trog
  9128 | D:8      | Reached XP level 10. HP: 70/70 MP: 10/10
  9201 | D:8      | Noticed a two-headed ogre
  9222 | D:8      | Killed a two-headed ogre
  9520 | D:8      | Found a hide-covered altar of Uskayaw.
 10531 | D:9      | Reached skill level 5 in Dodging
 10646 | D:9      | Found a runed translucent gate.
 10646 | D:9      | Found a runed translucent gate.
 10646 | D:9      | Found a runed translucent gate.
 10649 | D:9      | Noticed a green ugly thing
 10869 | D:9      | Reached ***** piety under Trog
 11134 | D:9      | Found a snail-covered altar of Cheibriados.
 11289 | D:9      | Reached XP level 11. HP: 75/76 MP: 9/11
 11724 | D:10     | Entered Level 10 of the Dungeon
 11744 | D:10     | Reached skill level 10 in Short Blades
 12804 | D:10     | Noticed a six-headed hydra
 12825 | D:10     | Killed a six-headed hydra
 12825 | D:10     | Received a gift from Trog
 13102 | D:10     | Found a staircase to the Lair.
 13371 | D:10     | Reached XP level 12. HP: 68/85 MP: 8/12
 13391 | D:11     | Found a staircase to the Orcish Mines.
 13987 | D:11     | Reached skill level 10 in Dodging
 14388 | D:11     | Noticed a centaur warrior
 14399 | D:11     | Killed a centaur warrior
 14746 | D:11     | Reached skill level 15 in Fighting
 15071 | Lair:1   | Entered Level 1 of the Lair of Beasts
 15111 | Lair:1   | Found a gate leading to a gauntlet.
 15117 | Gauntlet | Entered a Gauntlet
 15121 | Gauntlet | Found a transporter.
 15127 | Gauntlet | Noticed a balrug
 15143 | Gauntlet | Found a transporter.
 15143 | Gauntlet | Found a transporter.
 15148 | Gauntlet | Noticed a reaper
 15161 | Gauntlet | Found a transporter.
 15171 | Gauntlet | Noticed a death scarab
 15175 | Gauntlet | Found a transporter.
 15186 | Gauntlet | Noticed a death scarab
 15187 | Gauntlet | Found a transporter.
 15190 | Gauntlet | Found a transporter.
 15215 | Gauntlet | Found a transporter.
 15220 | Gauntlet | Found a transporter.
 15242 | Gauntlet | Found a transporter.
 15247 | Gauntlet | Found a transporter.
 15270 | Gauntlet | Found a transporter.
 15324 | Gauntlet | Got a pair of ancient boots
 15348 | Gauntlet | Identified the +3 pair of boots "Xekhuwk" {Regen+ Int+5
                  | Dex-3} (You found it in a Gauntlet)
 15364 | Gauntlet | Reached skill level 1 in Evocations
 15472 | Gauntlet | Killed a death scarab
 15477 | Gauntlet | Reached skill level 1 in Armour
 15488 | Gauntlet | Got a twisted helmet
 15499 | Gauntlet | Identified the cursed +0 helmet of Insecurity {rElec Str+4}
                  | (You found it in a Gauntlet)
 15524 | Gauntlet | Killed a death scarab
 15586 | Gauntlet | Noticed a minotaur
 15590 | Gauntlet | Found the +6 lightning scales {run, rElec}
 15601 | Gauntlet | Killed a minotaur
 15601 | Gauntlet | Reached XP level 13. HP: 92/92 MP: 10/13
 15615 | Lair:1   | Found a frozen archway.
 15630 | IceCv    | Entered an ice cave
 15849 | IceCv    | Reached skill level 5 in Evocations
 16229 | IceCv    | Noticed a frost giant
 16237 | IceCv    | Killed a frost giant
 16253 | IceCv    | Reached ****** piety under Trog
 16699 | Lair:1   | Noticed Erica
 16703 | Lair:1   | Killed Erica
 17552 | Lair:2   | Reached XP level 14. HP: 98/98 MP: 12/14
 18030 | Lair:2   | Found a white marble altar of Elyvilon.
 18094 | Lair:2   | Noticed Harold
 18109 | Lair:2   | Killed Harold
 18128 | Lair:2   | Found a runed translucent gate.
 18133 | Lair:2   | Found a runed translucent gate.
 18134 | Lair:2   | Found a runed translucent gate.
 18137 | Lair:2   | Noticed Pamiuf's ghost (journeyman KoSu)
 18507 | Lair:2   | Found a hole to the Spider Nest.
 18877 | Lair:3   | Noticed droidtality's ghost (journeyman GrFi)
 18878 | Lair:3   | Found a runed translucent gate.
 18879 | Lair:3   | Found a runed translucent gate.
 18880 | Lair:3   | Found a runed translucent gate.
 18958 | Lair:3   | Received a gift from Trog
 20197 | Lair:4   | Reached skill level 10 in Evocations
 20247 | Lair:4   | Found a staircase to the Shoals.
 20533 | Lair:4   | Noticed Snorg
 20537 | Lair:4   | Killed Snorg
 20537 | Lair:4   | Reached skill level 5 in Armour
 21763 | Lair:6   | Entered Level 6 of the Lair of Beasts
 21854 | Lair:6   | Found a viscous altar of Jiyva.
 21854 | Lair:6   | Found a staircase to the Slime Pits.
 22177 | Lair:6   | Reached XP level 15. HP: 105/105 MP: 15/15
 22835 | Lair:6   | Found a large runed translucent door.
 22836 | Lair:6   | Found a large runed translucent door.
 23466 | Orc:1    | Entered Level 1 of the Orcish Mines
 23558 | Orc:1    | Found a roughly hewn altar of Beogh.
 23601 | Orc:1    | Found a flagged portal.
 23610 | Orc:1    | Found Nuys's Antique Weapon Boutique.
 23627 | Bailey   | Entered a bailey
 23723 | Bailey   | Received a gift from Trog
 23813 | Orc:1    | Noticed Maurice
 23840 | Orc:1    | Killed Maurice
 23926 | Orc:1    | Noticed an orc warlord
 23947 | Orc:1    | Killed an orc warlord
 24322 | Orc:2    | Entered Level 2 of the Orcish Mines
 24403 | Orc:2    | Reached skill level 15 in Dodging
 24495 | Orc:2    | Found a roughly hewn altar of Beogh.
 24510 | Orc:2    | Found a roughly hewn altar of Beogh.
 24684 | Orc:2    | Received a gift from Trog
 24861 | Orc:2    | Noticed an orc warlord
 24904 | Orc:2    | Found Owkuaj's Antique Weapon Boutique.
 24904 | Orc:2    | Found Wusmu's Antique Armour Shop.
 24908 | Orc:2    | Found a roughly hewn altar of Beogh.
 24933 | Orc:2    | Killed an orc warlord
 25068 | Orc:2    | Found a roughly hewn altar of Beogh.
 25077 | Orc:2    | Found Paasonturi's Antique Weapon Shop.
 25320 | Orc:2    | Found a staircase to the Elven Halls.
 25382 | Orc:2    | Found a roughly hewn altar of Beogh.
 25393 | Orc:2    | Found Pux Vupn's Gadget Shop.
 25478 | Orc:2    | Found a roughly hewn altar of Beogh.
 25495 | Orc:2    | Found a roughly hewn altar of Beogh.
 25666 | Orc:2    | Bought a condenser vane (2/2) for 300 gold pieces
 25922 | D:12     | Found a runed translucent door.
 27077 | D:13     | Reached XP level 16. HP: 112/112 MP: 16/16
 27130 | D:13     | Received a gift from Trog
 27192 | D:13     | Found a gate to the Vaults.
 27919 | D:13     | Reached skill level 1 in Shields
 28042 | D:13     | Got a pair of jewelled gloves
 28053 | D:13     | Identified the +1 pair of gloves of the Monkey {rElec
                  | Stlth+} (You found it on level 13 of the Dungeon)
 28859 | Lair:2   | Killed Pamiuf's ghost
 28933 | Spider:1 | Entered Level 1 of the Spider Nest
 29020 | Spider:1 | Found a runed translucent door.
 29021 | Spider:1 | Noticed Bolleh's ghost (journeyman GnSk)
 29150 | Spider:1 | Killed Bolleh's ghost
 29246 | Spider:1 | Received a gift from Trog
 30262 | Spider:2 | Received a gift from Trog
 30603 | Spider:2 | Reached skill level 5 in Shields
 30643 | Spider:2 | Reached XP level 17. HP: 119/120 MP: 17/17
 31490 | Spider:3 | Found the +9 heavy crossbow "Sniper" {vorpal, Acc+∞ SInv}
 32639 | Spider:4 | Entered Level 4 of the Spider Nest
 32676 | Spider:4 | Received a gift from Trog
 32678 | Spider:4 | Noticed Arachne
 32804 | Spider:3 | Reached skill level 1 in Crossbows
 32967 | Spider:4 | Reached skill level 2 in Crossbows
 33443 | Spider:4 | Reached skill level 3 in Crossbows
 33801 | Spider:4 | Reached skill level 4 in Crossbows
 34018 | Spider:3 | Reached skill level 5 in Crossbows
 34125 | Spider:3 | Killed Arachne
 34125 | Spider:3 | Reached skill level 6 in Crossbows
 34169 | Spider:3 | Reached skill level 7 in Crossbows
 34345 | Spider:4 | Reached skill level 8 in Crossbows
 34684 | Spider:4 | Reached skill level 9 in Crossbows
 34977 | Spider:4 | Reached skill level 10 in Crossbows
 35009 | Spider:4 | HP: 6/120 [poisoned by an emperor scorpion]
 35210 | Spider:4 | Reached XP level 18. HP: 126/126 MP: 18/18
 35347 | Spider:4 | Got a gossamer rune of Zot
 36536 | Shoals:1 | Entered Level 1 of the Shoals
 36548 | Shoals:1 | Noticed marklar909's ghost (adept KoEn)
 36613 | Shoals:1 | Found a transporter.
 36621 | Shoals:1 | Reached skill level 11 in Crossbows
 36692 | Shoals:1 | Found a transporter.
 36976 | Shoals:1 | Received a gift from Trog
 37266 | Shoals:1 | Reached skill level 12 in Crossbows
 37507 | Shoals:2 | Noticed a kraken
 37821 | Shoals:2 | Noticed Kirke
 37826 | Shoals:2 | Killed Kirke
 37913 | Shoals:2 | Reached skill level 13 in Crossbows
 37980 | Shoals:2 | Found a transporter.
 38071 | Shoals:2 | Found a transporter.
 38220 | Shoals:2 | Found Huetie's Magic Scroll Boutique.
 38228 | Shoals:2 | Bought a scroll of teleportation for 39 gold pieces
 38228 | Shoals:2 | Bought a scroll of teleportation for 39 gold pieces
 38228 | Shoals:2 | Bought a scroll of teleportation for 39 gold pieces
 38325 | Shoals:2 | Killed a kraken
 38602 | Shoals:3 | Noticed Polyphemus
 38661 | Shoals:3 | Killed Polyphemus
 38822 | Shoals:3 | Reached skill level 14 in Crossbows
 39356 | Shoals:4 | Entered Level 4 of the Shoals
 39765 | Shoals:4 | Received a gift from Trog
 39888 | Shoals:4 | Reached skill level 15 in Crossbows
 40174 | Shoals:4 | Reached XP level 19. HP: 70/131 MP: 10/19
 40316 | Shoals:4 | Reached skill level 16 in Crossbows
 40504 | Shoals:3 | Received a gift from Trog
 40899 | Shoals:4 | Got a barnacled rune of Zot
 41579 | Vaults:1 | Entered Level 1 of the Vaults
 42077 | Vaults:1 | Reached skill level 17 in Crossbows
 42361 | Vaults:1 | Received a gift from Trog
 42672 | Vaults:1 | Reached skill level 18 in Crossbows
 43642 | Vaults:2 | Got a scorched scale mail
 43966 | Vaults:2 | Identified the +6 scale mail of the Farmer {MR+ Slay+3}
                  | (You found it on level 2 of the Vaults)
 44393 | Vaults:2 | Found Iporom's Book Shoppe.
 44474 | Vaults:2 | Reached skill level 19 in Crossbows
 44528 | Vaults:2 | Found a staircase to the Crypt.
 44528 | Vaults:2 | Found a basalt altar of Yredelemnul.
 44528 | Vaults:2 | Found an ancient bone altar of Kikubaaqudgha.
 44600 | Vaults:3 | Received a gift from Trog
 44744 | Vaults:3 | Found Tiehuk's Weapon Shop.
 44857 | Vaults:3 | Identified the +1 ring mail of a wizard's laboratory
                  | {Regen+} (You found it on level 3 of the Vaults)
 44905 | Vaults:3 | Reached XP level 20. HP: 137/137 MP: 20/20
 45222 | Vaults:3 | Reached skill level 20 in Crossbows
 45388 | Vaults:3 | Received a gift from Trog
 45916 | Vaults:3 | Identified the +1 helmet "Qoaren" {rElec rN++ Stlth-} (You
                  | found it on level 3 of the Vaults)
 46235 | Vaults:3 | Identified a scroll of acquirement
 46236 | Vaults:3 | Acquired a manual of Armour
 46436 | Vaults:4 | Noticed Frederick
 46447 | Vaults:4 | Killed from afar by a spellforged servitor

Illustrated notes

Levels and vault maps discovered:
D:1:      wander_arrival_chamber, layout_basic, minmay_door_square
D:2:      layout_basic
D:3:      layout_rooms, overflow_temple_1_default,
          minmay_overflow_temple_star_quad, kennysheep_generic_room_8
D:4:      layout_cave_pods, vehumet_altar_wand_db, serial_park,
          serial_park_paths [serial_park_minivault_5x5_1]
D:5:      minmay_spotlight, layout_loops_ring, regret_index_temple_of_mockery,
          tso_altar
D:6:      layout_loops_ring, okawaru_gym_becter, bloody_makhleb,
          minmay_temple_entry_large_hall, gammafunk_ghost_stat_death,
          minivault_11
D:7:      layout_loops_corners, old_standard_altar, serial_glass,
          glass_columns_b, glass_columns_a, item_on_display_a, item_on_display_a
D:8:      layout_rooms, marbit_many_paths
D:9:      layout_loops_corners, cheibriados_altar_1,
          ploomutoo_gammafunk_ghost_potion_laboratory
D:10:     layout_roguey [special_room_bee], david_lair_shrubbed, serial_ice,
          serial_ice_j, serial_ice_o, serial_ice_m, serial_ice_d, serial_ice_b,
          minivault_8
D:11:     minmay_the_grid_triangle_9x9_rhombus_thin
          [minmay_the_grid_triangle_9x9_swiss_cheese,
          minmay_the_grid_triangle_9x9_prize_insulated,
          minmay_the_grid_triangle_9x9_intruding_spiral,
          minmay_the_grid_triangle_9x9_pentomino_pain], layout_basic,
          minmay_orc_entry_guard_dogs
D:12:     cheibrodos_shockbox, layout_stronghold
D:13:     layout_irregular_city, david_vaults_2
Lair:1:   layout_cave_pods, gauntlet_entry_generic,
          portal_ice_cave_entry_pillars_1, lemuel_fruit_tree,
          infiniplex_staircase_pool, uniq_erica
Lair:2:   hangedman_what_comes_after_a, layout_long_grid,
          spider_nest_entry_funnel_web, basic_altar, gammafunk_ghost_split,
          serial_bayou_ford_a, uniq_harold
Lair:3:   layout_gridlike, ebering_ghost_rock_garden, minmay_lair_oklob_bushes,
          serial_bayou_shore_b
Lair:4:   layout_regular_city, elwin_shoals_entry_rocks, grunt_megastairs_3,
          uniq_snorg
Lair:5:   layout_gridlike
Lair:6:   cheibrodos_lair_end_hotspot, layout_regular_city, slime_altar_1,
          grunt_forest_small_clearings
Shoals:1: layout_shoals, gammafunk_ghost_arena
Shoals:2: gammafunk_the_bubble [the_bubble_gammafunk_grid], layout_shoals,
          serial_shops, nicolae_shop_waterfront, uniq_kirke
Shoals:3: layout_shoals, uniq_polyphemus
Shoals:4: shoals_end_hangedman, layout_shoals
Spider:1: layout_spider_delve, gammafunk_ghost_grave
Spider:2: layout_spider_delve, drop_trap, minmay_another_anthill,
          nicolae_spider_cling_halls
Spider:3: layout_spider_delve, spiders_nest_spider_trap
Spider:4: guppyfry_spider_rune, special_room, uniq_arachne
Orc:1:    layout_caves, enter_bailey_2, serial_shops, shop, basic_altar,
          uniq_maurice
Orc:2:    grunt_orc_community_town_hall, layout_caves,
          grunt_orc_community_big_house_1, grunt_orc_community_big_house_2,
          grunt_orc_community_house_2, grunt_orc_community_house_1,
          grunt_orc_community_house_2, grunt_orc_community_house_2,
          grunt_orc_community_house_2, grunt_orc_community_house_2
Vaults:1: nicolae_vaults_angled_halls, hangedman_vaults_river_flow,
          hangedman_vaults_maws, nicolae_vaults_network_s, v_misc_22,
          v_pattern_3, hangedman_vaults_stretched_pinwheel, layout_vaults_maze
Vaults:2: grunt_vaults_funnel, vaults_room_semicircle,
          minmay_crypt_entry_necro_gods, grunt_vaults_twisty,
          nicolae_vaults_circle_grid_b, v_misc_22, ontoclasm_vaults_twist,
          ontoclasm_vaults_misaligned, vaults_room_hallway,
          layout_vaults_omnigrid, serial_shops, shop
Vaults:3: nicolae_vaults_network_barrier, st_cross,
          hangedman_vaults_stretched_pinwheel, nicolae_vaults_three_branches,
          grunt_vaults_hallway_long, vaults_dpeg_hooks,
          nicolae_vaults_little_ls, ontoclasm_vaults_claustrophobia,
          nicolae_vaults_specimen_jars, v_pattern_1, v_misc_24,
          dpeg_vaults_monster_box, layout_vaults_omnibox, serial_shops,
          nicolae_shop_behind_doors
Vaults:4: vaults_mumra_chevron, vaults_room_fancy_cross, v_pattern_2,
          ontoclasm_vaults_hangar, ontoclasm_vaults_ring_large,
          vaults_mumra_hex, v_misc_2, vaults_standard_mumra_x, v_misc_4,
          v_alt_pattern_2, grunt_vaults_focal, layout_vaults_big_room,
          serial_shops, shop, uniq_sojobo, uniq_frederick, uniq_mennas

Skill      XL: |  1  2  3  4  5  6  7  8  9 10 11 12 13 14 15 16 17 18 19 20 |
---------------+-------------------------------------------------------------+-----
Short Blades   | 3 4 5 6 7 8 9 10 11 13 14 | 14.0
Stealth        | 7 8 10 11 12 | 12.0
Fighting       | 4 8 11 12 14 15 16 17 18 | 18.5
Dodging        | 5 9 11 12 13 15 16 | 16.8
Evocations     | 3 8 10 12 | 12.6
Armour         | 1 3 5 7 |  7.3
Shields        | 5 |  5.6
Crossbows      | 10 15 19 20 | 20.5

Action                   |  1- 3 |  4- 6 |  7- 9 | 10-12 | 13-15 | 16-18 | 19-21 || total
-------------------------+-------+-------+-------+-------+-------+-------+-------++-------
Melee: Short sword       |    69 |   202 |     4 |   534 |       |       |       ||   809
       Dagger            |       |       |   628 |    30 |       |       |       ||   658
       Rapier            |       |       |       |   226 |  1826 |    77 |       ||  2129
       Quick blade       |       |       |       |       |       |  1776 |    79 ||  1855
       Heavy crossbow    |       |       |       |       |       |       |     1 ||     1
 Fire: Heavy crossbow    |       |       |       |       |       |   412 |   493 ||   905
Throw: Dart              |       |     2 |    40 |    44 |    88 |    58 |     3 ||   235
       Throwing net      |       |       |       |     1 |       |       |       ||     1
Invok: Berserk           |       |     2 |     9 |    17 |    20 |    19 |     1 ||    68
       Trog's Hand       |       |     1 |     1 |     2 |     1 |     4 |     1 ||    10
Evoke: Lightning rod     |       |       |       |     3 |     2 |     4 |       ||     9
       Wand              |       |       |       |     2 |     1 |     2 |       ||     5
       Tin of tremorston |       |       |       |       |       |     4 |     6 ||    10
       Condenser vane    |       |       |       |       |       |     1 |       ||     1
  Use: Scroll            |     4 |     9 |     7 |     7 |     5 |    11 |     8 ||    51
       Potion            |     1 |       |       |       |       |       |       ||     1
 Stab: Sleeping          |    11 |    20 |    28 |    37 |    79 |    29 |       ||   204
       Invisible         |     1 |       |       |       |       |       |       ||     1
       Distracted        |       |       |     2 |     1 |     4 |     2 |       ||     9
Armor: Leather armour    |    15 |    18 |       |       |       |       |       ||    33
       Robe              |       |     7 |    92 |    29 |       |       |       ||   128
       Troll leather arm |       |       |       |    73 |       |       |       ||    73
       Quicksilver drago |       |       |       |     9 |   349 |   356 |    45 ||   759
       Scale mail        |       |       |       |       |       |       |    72 ||    72
Dodge: Dodged            |    55 |   145 |   398 |   728 |  1988 |  2051 |   794 ||  6159
Block: Buckler           |       |       |       |       |       |   220 |       ||   220

Table legend: (Time is in decaauts)
 A = Elapsed time spent in this place.
 B = Non-inter-level travel time spent in this place.
 C = Inter-level travel time spent in this place.
 D = Time resting spent in this place.
 E = Time spent auto-exploring this place.
 F = Levels seen in this place.
 G = Mean time per level.
                   A        B        C        D        E       F      G
               +--------+--------+--------+--------+--------+-----+--------+
         Total |  45833 |  42572 |   3261 |   2805 |  29121 |  36 | 1273.1 |
       Dungeon |  18074 |  16623 |   1451 |   1238 |  12132 |  13 | 1390.3 |
          Lair |   7657 |   6708 |    949 |     73 |   5131 |   6 | 1276.2 |
        Shoals |   5600 |   5398 |    202 |    203 |   3952 |   4 | 1400.0 |
   Spider Nest |   5993 |   5645 |    348 |    976 |   3012 |   4 | 1498.2 |
  Orcish Mines |   1870 |   1760 |    110 |     36 |   1022 |   2 |  935.0 |
        Vaults |   5213 |   5015 |    198 |     69 |   3600 |   4 | 1303.2 |
        Bailey |    140 |    140 |      0 |     14 |      1 |   1 |  140.0 |
      Ice Cave |    797 |    797 |      0 |     86 |    269 |   1 |  797.0 |
      Gauntlet |    484 |    484 |      0 |    109 |      0 |   1 |  484.0 |
               +--------+--------+--------+--------+--------+-----+--------+

Top non-repeatable levels by time:
Spider:3: 2579 daAuts
  Lair:2: 2076 daAuts
     D:4: 1958 daAuts
Shoals:4: 1917 daAuts
Vaults:3: 1818 daAuts
    D:10: 1803 daAuts
     D:9: 1726 daAuts
     D:5: 1723 daAuts
Vaults:1: 1642 daAuts
Spider:4: 1631 daAuts
    D:11: 1595 daAuts
Vaults:2: 1530 daAuts
     D:2: 1514 daAuts
  Lair:6: 1470 daAuts
     D:7: 1440 daAuts
